 Dungeon Crawl Stone Soup version 0.26-a0-812-g31a745ddcd (webtiles) character file.

Game seed: 11737461127040852468

56 kae the Insei (level 3, 0/20 HPs)
             Began as a Tengu Transmuter on Nov 23, 2020.
             Succumbed to a kobold's poison
             ... on level 3 of the Dungeon.
             The game lasted 00:01:32 (1810 turns).

kae the Insei (Tengu Transmuter)                    Turns: 1810, Time: 00:01:32

Health: 0/20       AC:  4    Str:  9 (11) XL:     3   Next: 95%
Magic:  3/7        EV: 12    Int: 11 (13) God:
Gold:   140        SH:  0    Dex: 12 (14) Spells: 2/6 levels left

rFire    . . .     SeeInvis .     - Unarmed
rCold    . . .     Faith    .   (no shield)
rNeg     . . .     Spirit   .   a - +1 robe
rPois    .         Reflect  .   (helmet restricted)
rElec    .         Harm     .   m - +0 cloak
rCorr    .         Rampage  .   (no gloves)
MR       .....                  (boots unavailable)
Stlth    +.........             (no amulet)
HPRegen  0.06/turn              (no ring)
MPRegen  0.10/turn              (no ring)

@: mighty, brilliant, lethally poisoned (0 -> -3), very slow
A: beak, talons 3
a: no special abilities


You were on level 3 of the Dungeon.
You visited 1 branch of the dungeon, and saw 3 of its levels.

You collected 140 gold pieces.

Inventory:

Armour
 a - a +1 robe (worn)
 m - a +0 cloak (worn)
Scrolls
 b - a scroll of magic mapping
 c - a scroll of amnesia
 d - 3 scrolls of remove curse
Potions
 e - a potion of flight
 f - a potion of might
 h - a potion of mutation {unknown}
 j - a potion of degeneration
 k - a potion of curing {unknown}
 n - a potion of lignification {unknown}


   Skills:
 + Level 1.4 Fighting
 + Level 0.9 Armour
 + Level 2.4 Dodging
 * Level 3.8 Unarmed Combat
 + Level 2.2 Spellcasting
 * Level 2.2 Transmutations
 * Level 0.3 Poison Magic


You had 2 spell levels left.
You knew the following spells:

 Your Spells              Type           Power        Failure   Level
a - Beastly Appendage     Tmut           #.....       11%         1
b - Spider Form           Tmut/Pois      #.........   45%         3

Your spell library contained the following spells:

 Spells                   Type           Power        Failure   Level
 Wereblood                Tmut           #.......     17%         2
 Ice Form                 Ice/Tmut       #.......     87%         4
 Blade Hands              Tmut           #.........   97%         5


Dungeon Overview and Level Annotations

Branches:
Dungeon (3/15)

Altars:
Fedhas
Gozag
Okawaru
Uskayaw


Innate Abilities, Weirdness & Mutations

You have a beak for a mouth.
You have claws for feet.


Message History

* * * LOW HITPOINT WARNING * * *
You feel sick.
Your magical contamination has completely faded away.
* * * LOW HITPOINT WARNING * * *
You feel sick.
* * * LOW HITPOINT WARNING * * *
You feel sick.
A worm comes into view.
* * * LOW HITPOINT WARNING * * *
You feel sick. The worm bites you.
* * * LOW HITPOINT WARNING * * *
You punch the worm!
The worm is severely wounded.
It was a potion of brilliance.
You feel clever all of a sudden. The worm misses you.
It was a potion of degeneration.
There was something very wrong with that liquid.
You feel weakened.
You feel dopey.
You feel clumsy.
You die...

*≈*≈∩*≈***
*≈*≈**≈≈≈*
*≈*≈**≈*≈*
*≈*≈≈*≈*≈*
*≈**≈*≈*≈*
*≈≈≈≈#≈*≈* *
####≈#≈#≈* **
#≈w≈≈≈≈#≈* **.
#@########## *..
#≈≈K≈≈≈≈≈≈.#####..
*####≈#≈#≈≈......K.
#..≈≈≈≈≈.≈.#.......
#...(≈.?........$..
#..........†.......
####.#.....†(......
*,.................
*.#.##...........>.


You could see a worm and a kobold.

Vanquished Creatures
  3 worms
  2 dart slugs
  A leopard gecko (D:2)
  3 giant cockroaches (D:1)
  6 goblins
  8 hobgoblins
  3 kobolds
  4 bats
  2 frilled lizards
  7 rats
39 creatures vanquished.

Vanquished Creatures (others)
  A plant (D:3)
1 creature vanquished.

Grand Total: 40 creatures vanquished

Notes
Turn   | Place    | Note
-------+----------+-------------------------------------------
     0 | D:1      | kae the Tengu Transmuter began the quest for the Orb.
     0 | D:1      | Reached XP level 1. HP: 12/12 MP: 4/4
   128 | D:1      | Reached XP level 2. HP: 16/16 MP: 4/6
   468 | D:1      | Reached XP level 3. HP: 20/20 MP: 5/7
   477 | D:1      | Learned a level 3 spell: Spider Form
  1096 | D:2      | Found a hide-covered altar of Uskayaw.
  1158 | D:2      | Found a blossoming altar of Fedhas.
  1162 | D:2      | Found an opulent altar of Gozag.
  1163 | D:2      | Found an iron altar of Okawaru.
  1807 | D:3      | HP: 1/20 [worm (2)]
  1810 | D:3      | Succumbed to a kobold's poison

Illustrated notes

Levels and vault maps discovered:
D:1:      erik_arrival_triangle_large, layout_basic
D:2:      layout_loops_ring, lemuel_crystal_altar, grunt_temple_overflow_open,
          st_stairs_8
D:3:      layout_rooms, lightli_sewer_entry_pipes, serial_bayou_lagoon_a,
          uniq_jessica

Skill      XL: |  1  2 |
---------------+-------+-----
Transmutations | 2 |  2.2
Fighting       | |  1.4
Armour         | |  0.9
Dodging        | |  2.4
Unarmed Combat | |  3.8
Spellcasting   | |  2.2
Poison Magic   | |  0.3

Action                   || total
-------------------------++-------
Melee: Unarmed           ||    90
       Kick              ||    20
       Peck              ||     4
       Punch             ||     2
       Headbutt          ||     7
 Cast: Beastly Appendage ||    23
  Use: Scroll            ||    10
       Potion            ||     3
 Stab: Sleeping          ||     1
Armor: Robe              ||    21
Dodge: Dodged            ||    53

Table legend: (Time is in decaauts)
 A = Elapsed time spent in this place.
 B = Non-inter-level travel time spent in this place.
 C = Inter-level travel time spent in this place.
 D = Time resting spent in this place.
 E = Time spent auto-exploring this place.
 F = Levels seen in this place.
 G = Mean time per level.
                   A        B        C        D        E       F      G
               +--------+--------+--------+--------+--------+-----+--------+
         Total |   1809 |   1765 |     44 |      0 |   1439 |   3 |  603.0 |
       Dungeon |   1809 |   1765 |     44 |      0 |   1439 |   3 |  603.0 |
               +--------+--------+--------+--------+--------+-----+--------+

Top non-repeatable levels by time:
     D:1: 1017 daAuts
     D:2: 703 daAuts
     D:3: 88 daAuts
